 Dungeon Crawl Stone Soup version 0.22-a0-373-gab1296c (webtiles) character file.

9895 inmateoo the Carver (level 11, -20/98 (99) HPs)
             Began as a Minotaur Air Elementalist on Apr 25, 2018.
             Was a High Priest of Okawaru.
             Demolished by a two-headed ogre
             ... wielding a +0 giant spiked club
              (27 damage)
             ... on level 10 of the Dungeon.
             The game lasted 00:19:35 (14042 turns).

inmateoo the Carver (Minotaur Air Elementalist)    Turns: 14042, Time: 00:19:36

HP:   -20/98 (99)   AC: 13    Str: 15    XL:     11   Next: 29%
MP:   13/13         EV:  6    Int: 12    God:    Okawaru [*****.]
Gold: 625           SH: 10    Dex: 12    Spells: 9/12 levels left

rFire    . . .     SeeInvis .   s - +0 falchion (slice)
rCold    + . .     Gourm    .   A - +0 shield
rNeg     . . .     Faith    .   H - +0 plate armour {rC+}
rPois    .         Spirit   .   (helmet restricted)
rElec    .         Reflect  .   p - +0 cloak
rCorr    +         Harm     .   (no gloves)
MR       +....                  (no boots)
Stlth    ..........             (no amulet)
HPRegen  0.26/turn              e - ring of resist corrosion
MPRegen  0.13/turn              u - ring of protection from magic

@: no status effects
A: retaliatory headbutt, horns 2
a: Heroism, Finesse, Renounce Religion


You were on level 10 of the Dungeon.
You worshipped Okawaru.
Okawaru was extremely pleased with you.
You were not hungry.

You visited 2 branches of the dungeon, and saw 11 of its levels.

You collected 625 gold pieces.

Inventory:

Hand Weapons
 q - a +4 quarterstaff of chaos
 s - a +0 falchion of slicing (weapon)
 w - a +1 falchion of holy wrath
 G - a +0 great sword of holy wrath
Missiles
 t - 5 throwing nets (quivered)
Armour
 p - a +0 cloak (worn)
 x - +0 swamp dragon scales
 A - a +0 shield (worn)
 H - a +0 plate armour of cold resistance (worn)
Jewellery
 e - a ring of resist corrosion (left hand)
 l - an uncursed ring of wizardry
 u - a ring of protection from magic (right hand)
 D - an uncursed amulet of the gourmand {unknown}
 E - a +3 amulet of reflection {unknown}
Wands
 j - a wand of disintegration (26)
 k - a wand of acid (6)
 v - a wand of enslavement (10)
 y - a wand of polymorph (10)
Scrolls
 a - 3 scrolls of teleportation
 b - 3 scrolls of remove curse
 n - a scroll of enchant weapon
 B - a scroll of summoning
 C - a scroll of fear {unknown}
 I - a scroll of enchant armour
 K - a scroll of blinking
Potions
 d - a potion of agility
 f - a potion of heal wounds
 g - a potion of brilliance
 h - 5 potions of lignification
 i - 2 potions of flight
 m - a potion of haste
 o - a potion of mutation {unknown}
 r - 2 potions of might
 z - a potion of berserk rage
 J - a potion of degeneration {unknown}
Miscellaneous
 F - a lamp of fire (inert)
Comestibles
 c - 18 rations


   Skills:
 - Level 10.0 Fighting
 * Level 11.6 Long Blades
 - Level 5.0 Armour
 - Level 10.0 Dodging
 - Level 1.5 Stealth
 + Level 6.7 Shields
 - Level 1.3 Spellcasting
 - Level 0.6 Conjurations
 - Level 2.1 Air Magic
 - Level 4.0 Invocations


You had 9 spell levels left.
You knew the following spells:

 Your Spells              Type           Power        Failure   Level  Hunger
a - Shock                 Conj/Air       #...         100%        1    ##.....
b - Swiftness             Chrm/Air       #.......     100%        2    ###....


Dungeon Overview and Level Annotations

Branches:
Dungeon (10/15)            Temple (1/1) D:4            Lair (0/6) D:10
    Orc (0/2) D:10

Altars:
Ashenzari
Cheibriados
Elyvilon
Fedhas
Gozag
Makhleb
Nemelex Xobeh
Okawaru
Qazlal
Ru
Sif Muna
Trog
Vehumet
Wu Jian
Xom
Yredelemnul
Zin
The Shining One


Innate Abilities, Weirdness & Mutations

You reflexively headbutt those who attack you in melee.
You have a pair of horns on your head.


Message History

A centaur warrior simulacrum comes into view.
Unknown command.
You closely miss the two-headed ogre.
The two-headed ogre is moderately wounded.
The two-headed ogre is engulfed in blazing flames.
You block the two-headed ogre's attack.
The two-headed ogre hits you with a giant spiked club!
Unknown command.
You hit the two-headed ogre.
The two-headed ogre is heavily wounded.
The centaur warrior simulacrum is engulfed in blazing flames.
Unknown command.
Unknown command.
You hit the two-headed ogre but do no damage.
The two-headed ogre is heavily wounded.
The two-headed ogre is engulfed in blazing flames.
The two-headed ogre hits you with a giant spiked club!!
* * * LOW HITPOINT WARNING * * *
The two-headed ogre hits you with a giant spiked club!!
You die...

### #.#########
#..........
##############.#........
......†........#.#######
################@# #O#
########Z# ........§#
....# ######..§.......
...# #.###.##### ...# #.
... ..# #. ### ..# #.


You could see a two-headed ogre and a centaur warrior simulacrum.

Vanquished Creatures
  The ghost of inmateoo the Skirmisher, a novice HuAs of the Shining One (D:7)
  An unseen horror (D:8)
  A centaur skeleton (D:10)
  A komodo dragon (D:10)
  A yaktaur (D:10)
  A troll (D:8)
  2 hippogriffs
  An acid dragon (D:10)
  10 yaks
  A wyvern (D:10)
  Edmund (D:4)
  A warg (D:10)
  Duvessa (D:5)
  5 orc warriors
  A hornet zombie (D:8)
  3 sky beasts
  A necrophage (D:10)
  3 black bears
  An ice beast (D:5)
  8 ogres
  6 centaurs
  2 big kobolds
  A gnoll sergeant (D:5)
  Blork the orc (D:6)
  5 bullfrogs
  Dowan (D:5)
  2 scorpions
  6 killer bees (D:8)
  7 crimson imps
  3 bullfrog zombies (D:8)
  5 orc priests
  Crazy Yiuf (D:4)
  4 hounds
  6 gnoll shamans
  9 orc wizards
  An iguana (D:6)
  A worker ant (D:8)
  A killer bee zombie (D:6)
  3 hound skeletons
  A howler monkey zombie (D:8)
  2 worker ant zombies
  45 gnolls
  A howler monkey skeleton (D:7)
  15 adders
  2 shadow imps
  An ooze (D:2)
  An adder skeleton (D:6)
  A worm (D:4)
  2 dart slugs
  A leopard gecko (D:6)
  39 orcs
  3 ball pythons
  5 giant cockroaches
  6 goblins
  6 hobgoblins (D:3)
  20 jackals
  10 kobolds
  4 quokkas
  4 bats
  A frilled lizard (D:2)
  A jackal skeleton (D:5)
  2 quokka skeletons
  4 rats
287 creatures vanquished.

Vanquished Creatures (collateral kills)
  An orc warrior (D:10)
1 creature vanquished.

Vanquished Creatures (others)
  An orc wizard (D:7)
  An iguana (D:10)
2 creatures vanquished.

Grand Total: 290 creatures vanquished

Notes
Turn   | Place    | Note
-------+----------+-------------------------------------------
     0 | D:1      | inmateoo the Minotaur Air Elementalist began the quest for the Orb.
     0 | D:1      | Reached XP level 1. HP: 14/14 MP: 1/1
   112 | D:1      | Reached skill level 1 in Fighting
   605 | D:1      | Reached XP level 2. HP: 18/24 MP: 3/3
  1128 | D:2      | Reached XP level 3. HP: 26/31 MP: 4/4
  1899 | D:3      | Reached XP level 4. HP: 30/41 MP: 5/5
  2553 | D:3      | Learned a level 2 spell: Swiftness
  2675 | D:3      | Found a sacrificial altar of Ru.
  2888 | D:4      | Found a shattered altar of Ashenzari.
  2918 | D:4      | Found a staircase to the Ecumenical Temple.
  2930 | Temple   | Entered the Ecumenical Temple
  2940 | Temple   | Became a worshipper of Warmaster Okawaru
  2981 | D:4      | Reached skill level 5 in Fighting
  3153 | D:4      | Found a runed door.
  3579 | D:4      | Found a glowing golden altar of the Shining One.
  3779 | D:4      | Noticed Edmund
  3810 | D:4      | Killed Edmund
  3810 | D:4      | Reached XP level 5. HP: 22/52 MP: 6/6
  4054 | D:4      | Reached * piety under Okawaru
  4054 | D:4      | Reached XP level 6. HP: 42/60 MP: 7/7
  4226 | D:4      | Noticed Crazy Yiuf
  4243 | D:4      | Killed Crazy Yiuf
  4540 | D:5      | Entered Level 5 of the Dungeon
  4560 | D:5      | Noticed an ice beast
  4570 | D:5      | Killed an ice beast
  4695 | D:5      | Noticed Duvessa
  4696 | D:5      | Noticed Dowan
  4705 | D:5      | Reached XP level 7. HP: 49/69 MP: 8/8
  4713 | D:5      | Killed Duvessa
  4723 | D:5      | Killed Dowan
  4959 | D:5      | Reached ** piety under Okawaru
  4959 | D:5      | Reached skill level 10 in Fighting
  5255 | D:5      | Reached XP level 8. HP: 79/79 MP: 9/9
  5714 | D:6      | Reached skill level 5 in Dodging
  7073 | D:5      | Reached skill level 1 in Invocations
  7241 | D:6      | Noticed Blork the orc
  7928 | D:6      | Killed Blork the orc
  7928 | D:6      | Reached *** piety under Okawaru
  7928 | D:6      | Reached skill level 1 in Long Blades
  8306 | D:6      | Reached skill level 2 in Long Blades
  8315 | D:6      | Noticed a green ugly thing
  8353 | D:6      | Reached XP level 9. HP: 81/85 MP: 10/10
  8871 | D:6      | Reached skill level 3 in Long Blades
  9138 | D:6      | Reached skill level 4 in Long Blades
  9241 | D:6      | Found an opulent altar of Gozag.
  9288 | D:7      | Reached skill level 5 in Long Blades
  9829 | D:7      | Reached skill level 6 in Long Blades
 10015 | D:7      | Noticed inmateoo's ghost (novice HuAs)
 10026 | D:7      | Reached **** piety under Okawaru
 10026 | D:7      | Reached skill level 1 in Armour
 10036 | D:7      | Killed inmateoo's ghost
 10036 | D:7      | Reached skill level 7 in Long Blades
 10042 | D:7      | Reached XP level 10. HP: 41/93 MP: 12/12
 10325 | D:7      | Noticed a balrug
 10326 | D:7      | Found a burning altar of Makhleb.
 10329 | D:7      | Found a glowing silver altar of Zin.
 10329 | D:7      | Noticed an angel
 10718 | D:8      | Killed an unseen horror
 10718 | D:8      | Reached skill level 8 in Long Blades
 11036 | D:8      | Found a snail-covered altar of Cheibriados.
 11373 | D:8      | Reached skill level 9 in Long Blades
 11533 | D:8      | Found a deep blue altar of Sif Muna.
 11700 | D:9      | Reached ***** piety under Okawaru
 11814 | D:9      | Reached skill level 10 in Dodging
 11828 | D:9      | Reached skill level 5 in Armour
 11828 | D:9      | Reached skill level 5 in Shields
 11834 | D:9      | Reached skill level 10 in Long Blades
 11850 | D:8      | Found a shattered altar of Ashenzari.
 12262 | D:9      | Found a white marble altar of Elyvilon.
 12565 | D:10     | Entered Level 10 of the Dungeon
 12642 | D:10     | Found a staircase to the Lair.
 12726 | D:10     | Reached XP level 11. HP: 60/99 MP: 13/13
 12862 | D:10     | Found a staircase to the Orcish Mines.
 12890 | D:10     | Received a gift from Okawaru
 13015 | D:10     | Reached skill level 11 in Long Blades
 13720 | D:10     | Found a shimmering altar of Xom.
 14034 | D:10     | Noticed a two-headed ogre
 14042 | D:10     | Demolished by a two-headed ogre

Vault maps used:
D:1:      dpeg_arrival_houses_and_road
D:3:      first_ration, nicolae_ru_path_of_blood
D:4:      tso_altar, minmay_temple_entry_grid, nicolae_ashenzari_panopticon,
          uniq_edmund, uniq_crazy_yiuf_cottage
D:5:      hex_tiny, uniq_duvessa
D:6:      lemuel_castle_with_subvaults, lemuel_doored_altar, uniq_blork_the_orc
D:7:      grunt_temple_overflow_order_and_chaos_2, grunt_ogre_cave
D:8:      minmay_cornered_nines, cheibriados_altar_1,
          nicolae_overflow_hidden_temple
D:9:      elyvilon_altar_3
D:10:     minmay_bloctagon, dpeg_oklobed_lair, david_orc_3, serial_shops, shop,
          minmay_ruined_shrine
Temple:   eino_temple_lava

Skill      XL: |  1  2  3  4  5  6  7  8  9 10 11 |
---------------+----------------------------------+-----
Fighting       | 2 3 4 7 8 10 | 10.0
Dodging        | 4 7 9 10 | 10.0
Invocations    | 3 4 |  4.0
Long Blades    | 2 7 10 11 | 11.6
Armour         | 2 5 |  5.0
Shields        | 2 5 6 |  6.7
Stealth        | |  1.5
Spellcasting   | |  1.3
Conjurations   | |  0.6
Air Magic      | |  2.1

Action                   |  1- 3 |  4- 6 |  7- 9 | 10-12 || total
-------------------------+-------+-------+-------+-------++-------
Melee: Unarmed           |    20 |       |       |     6 ||    26
       Headbutt          |    11 |    29 |    67 |    98 ||   205
       Hand axe          |    13 |       |       |       ||    13
       Dagger            |    60 |    96 |       |       ||   156
       Flail             |       |     7 |       |       ||     7
       Quarterstaff      |       |    25 |   239 |       ||   264
       Falchion          |       |       |   131 |   534 ||   665
       Great sword       |       |       |       |     4 ||     4
Throw: Throwing net      |       |       |     3 |       ||     3
 Cast: Shock             |     2 |       |       |       ||     2
Invok: Heroism           |       |       |     1 |     5 ||     6
Evoke: Wand              |     2 |     3 |       |     9 ||    14
       Lamp of fire      |       |       |       |     1 ||     1
  Use: Potion            |     1 |       |     1 |     4 ||     6
       Scroll            |     6 |     4 |     3 |     5 ||    18
 Stab: Sleeping          |     2 |       |     1 |       ||     3
       Confused          |       |       |     1 |       ||     1
       Petrifying        |       |       |     1 |       ||     1
       Paralysed         |       |       |     1 |       ||     1
  Eat: Chunk             |     3 |     5 |    14 |    14 ||    36
       Ration            |       |     1 |     1 |       ||     2
Armor: Robe              |     6 |       |       |       ||     6
       Ring mail         |    16 |       |       |       ||    16
       Leather armour    |     6 |    36 |    75 |       ||   117
       Swamp dragon scal |       |       |    42 |    91 ||   133
       Plate armour      |       |       |       |    38 ||    38
       Skin              |       |       |       |     5 ||     5
Dodge: Dodged            |    53 |    65 |   335 |   182 ||   635
Block: Shield            |       |       |    16 |   211 ||   227
       Rpst.: Falchion   |       |       |    24 |    52 ||    76
       Great sword       |       |       |       |     1 ||     1

Table legend:
 A = Spawn XP
 B = Non-spawn XP
 C = Spawn XP percentage of total XP
 D = Spawn monster count
 E = Non-spawn monster count
 F = Spawn count percentage of total count
 G = Total turns spent on level
                    A         B        C        D         E        F      G
               +---------+---------+-------+---------+---------+-------+---------
         Total |       0 |   14136 |   0.0 |       0 |     289 |   0.0 | 14042
               +---------+---------+-------+---------+---------+-------+---------
           D:1 |       0 |      13 |   0.0 |       0 |       7 |   0.0 |   840
           D:2 |       0 |      29 |   0.0 |       0 |       9 |   0.0 |   585
           D:3 |       0 |      86 |   0.0 |       0 |      26 |   0.0 |  1400
           D:4 |       0 |     602 |   0.0 |       0 |      25 |   0.0 |  2589
           D:5 |       0 |    1390 |   0.0 |       0 |      42 |   0.0 |  1905
           D:6 |       0 |    1536 |   0.0 |       0 |      66 |   0.0 |  2314
           D:7 |       0 |    2039 |   0.0 |       0 |      17 |   0.0 |   878
           D:8 |       0 |    2502 |   0.0 |       0 |      31 |   0.0 |  1386
           D:9 |       0 |    2307 |   0.0 |       0 |      36 |   0.0 |   648
          D:10 |       0 |    3632 |   0.0 |       0 |      30 |   0.0 |  1477
               +---------+---------+-------+---------+---------+-------+---------
